 Dungeon Crawl Stone Soup version 0.32-a0-485-g70f7560b1c (webtiles) character file.

Game seed: 8546202647709842147

8 ezpacito the Trooper (level 2, 0/24 HPs)
             Began as a Demonspawn Chaos Knight on Feb 26, 2024.
             Was a Plaything of Xom.
             Succumbed to a kobold's poison
             ... on level 1 of the Dungeon.
             The game lasted 00:00:16 (123 turns).

ezpacito the Trooper (Demonspawn Chaos Knight)       Turns: 123, Time: 00:00:17

Health: 0/24       AC:  5    Str: 12    XL:     2   Next: 0%
Magic:  2/2        EV: 11    Int: 12    God:    Xom [..*...]
Gold:   0          SH:  0    Dex: 12    Spells: 1/1 levels left

rFire   . . .        a - +0 hand axe (chaos)
rCold   . . .        (no shield)
rNeg    . . .        b - +2 leather armour
rPois   .            (no helmet)
rElec   .            (no cloak)
rCorr   .            (no gloves)
SInv    .            (no boots)
Will    .....        (no amulet)
Stlth   +            (no ring)
HPRegen 0.24/turn    (no ring)
MPRegen 0.08/turn

%: no passive effects
@: lethally poisoned (0 -> -6), wreathed by umbra
A: foul shadow 1
a: Renounce Religion


You were on level 1 of the Dungeon.
You worshipped Xom.
You were a toy of Xom.
You visited 1 branch of the dungeon, and saw 1 of its levels.

Inventory:

Hand Weapons
 a - a +0 hand axe of chaos (weapon)
Armour
 b - a +2 leather armour (worn)


   Skills:
 * Level 3.0 Fighting
 * Level 2.7 Axes
 + Level 0.1(1.6) Polearms
 * Level 2.0 Armour
 * Level 1.0 Dodging
 + Level 0.3 Stealth
 * Level 0.2 Unarmed Combat
 * Level 0.1 Spellcasting


You had one spell level left.
You didn't know any spells.
Your spell library was empty.

Dungeon Overview and Level Annotations

Branches:
Dungeon (1/15)

Altars:


Innate Abilities, Weirdness & Mutations

You are faintly shadowed, very rarely releasing foul flame when damaged in melee.


Message History

A frilled lizard comes into view.
You closely miss the kobold.
A hobgoblin comes into view.
The kobold closely misses you.
You barely miss the kobold.
The kobold hits you with a +1 short sword of venom.
You hit the kobold but do no damage. The kobold hits you but does no damage.
You are poisoned.
You barely miss the kobold.
You feel very sick. The kobold barely misses you.
You closely miss the kobold. You hit the kobold.
You feel sick. The kobold closely misses you.
The kobold hits you but does no damage.
You are lethally poisoned!
The kobold closely misses you. The kobold barely misses you.
There is a lethal amount of poison in your body!
There is a lethal amount of poison in your body!
You hit the kobold. You burn the kobold.
You kill the kobold!
You completely miss the kobold.
You feel very sick. The kobold hits you but does no damage.
You have reached level 2!
Your demonic ancestry asserts itself...
Your body darkens with foul flame.
You closely miss the kobold.
* * * LOW HITPOINT WARNING * * *
You feel very sick. The kobold hits you with a +0 dagger.
* * * LOW HITPOINT WARNING * * *
You aren't carrying any potions.
As you read the scroll of butterflies, it crumbles to dust.
You hear the flapping of tiny wings.
The hobgoblin is knocked back by the sudden gust.
The kobold is knocked back by the sudden gust.
* * * LOW HITPOINT WARNING * * *
You feel sick.
You swap places.
You die...
Xom chortles!

.# ##....#. #.≈≈≈≈
.. .#.#.......# .!#
.#b.b..##_##
...##bbbbb.##.#
...b..bb..b##.# #
...bbbbb.##.####.##
#bbbbbb.b........
#Kbbbbbb......#
#b#b@b.#b.# #g
#bbb..†.# ## ..
#.#b.b##.# #. ..
..#.#"....# #. ..
....##.....## #.
.........#.#.#.#####
#.
"..........###....#
#. ####
####.#.#.###.#####.
#...............


You could see a kobold (ally target).

Vanquished Creatures
  An endoplasm (D:1)
  2 kobolds (D:1)
  2 bats (D:1)
  2 goblins (D:1)
  A rat (D:1)
8 creatures vanquished.

Notes
Turn   | Place    | Note
-------+----------+-------------------------------------------
     0 | D:1      | ezpacito the Demonspawn Chaos Knight began the quest for
                  | the Orb.
     0 | D:1      | Reached XP level 1. HP: 18/18 MP: 1/1
    24 | D:1      | Reached skill level 1 in Dodging
    67 | D:1      | XOM: silly message
   101 | D:1      | Found a faded altar of an unknown god.
   121 | D:1      | Gained mutation: You are faintly shadowed, very rarely
                  | releasing foul flame when damaged in melee. [demonic
                  | ancestry]
   121 | D:1      | Reached XP level 2. HP: 9/24 MP: 2/2
   123 | D:1      | Succumbed to a kobold's poison

Illustrated notes

Levels and vault maps discovered:
D:1:      nzn_arrival_water_spiral, layout_loops_ring,
          ebering_ecumenical_altar_rust, st_stairs_5,
          minmay_misc_feat_secret_circle, minmay_split_cup_large

Skill      XL: |  1 |
---------------+----+-----
Dodging        | 1 |  1.0
Armour         | 2 |  2.0
Fighting       | |  3.0
Axes           | |  2.7
Polearms       | |  0.1
Stealth        | |  0.3
Unarmed Combat | |  0.2
Spellcasting   | |  0.1

Action                     || total
---------------------------++-------
  Melee: Hand axe          ||    26
    Use: Scroll            ||     1
 Armour: Leather armour    ||    15
  Dodge: Dodged            ||    26

Table legend: (Time is in decaauts)
 A = Elapsed time spent in this place.
 B = Non-inter-level travel time spent in this place.
 C = Inter-level travel time spent in this place.
 D = Time resting spent in this place.
 E = Time spent auto-exploring this place.
 F = Levels seen in this place.
 G = Mean time per level.
                   A        B        C        D        E       F      G
               +--------+--------+--------+--------+--------+-----+--------+
         Total |    127 |    127 |      0 |      0 |     65 |   1 |  127.0 |
       Dungeon |    127 |    127 |      0 |      0 |     65 |   1 |  127.0 |
               +--------+--------+--------+--------+--------+-----+--------+

Top non-repeatable levels by time:
     D:1: 127 daAuts
